 Dungeon Crawl Stone Soup version 0.20-a0-809-gaf7f668 (webtiles) character file.

1445 Alarkh the Skirmisher (level 8, -6/63 HPs)
             Began as a Demonspawn Fighter on Mar 2, 2017.
             Killed from afar by an electric eel (8 damage)
             ... with a bolt of electricity
             ... on level 6 of the Dungeon.
             The game lasted 00:09:24 (7318 turns).

Alarkh the Skirmisher (Demonspawn Fighter)          Turns: 7318, Time: 00:09:25

Health: -6/63      AC:  8    Str: 21    XL:     8   Next: 46%
Magic:  17/17      EV: 10    Int: 13    God:
Gold:   343        SH: 10    Dex: 12    Spells: 7/7 levels left

rFire    + + +     SeeInvis .   a - +3 long sword
rCold    + . .     Gourm    .   n - +0 ring mail {rF+}
rNeg     . . .     Faith    .   c - +0 shield
rPois    .         Spirit   .   (no helmet)
rElec    .         Reflect  .   q - scarf {rC+ rF+}
rCorr    .         Harm     .   (no gloves)
MR       .....                  (no boots)
Stlth    ..........             (no amulet)
Regen    0.2/turn               (no ring)
MPRegen  0.2/turn               y - ring of magical power

@: mighty
A: hooves 1, icy blue scales 1, fire resistance 1, powered by death 1
a: no special abilities


You were on level 6 of the Dungeon.
You were not hungry.

You visited 1 branch of the dungeon, and saw 6 of its levels.

You collected 343 gold pieces.

Inventory:

Hand Weapons
 a - a +3 long sword (weapon)
 b - a +1 dagger of venom
Armour
 c - a +0 shield (worn)
 n - a +0 ring mail of fire resistance (worn)
 q - a scarf of resistance (worn)
 u - a +1 scale mail of cold resistance
Jewellery
 y - a ring of magical power (left hand)
Wands
 r - a wand of digging (16/24)
Scrolls
 e - 2 scrolls of identify
 l - a scroll of magic mapping
 m - 2 scrolls of amnesia
 o - 3 scrolls of remove curse
 v - a scroll of recharging
 w - a scroll of immolation {unknown}
 x - a scroll of teleportation {unknown}
Potions
 d - a potion of might
 g - a potion of lignification
 j - a potion of flight
 k - a potion of magic
 p - 3 potions of brilliance
 s - a potion of curing
Comestibles
 f - 6 bread rations
 h - a chunk of flesh
 i - 3 royal jellies
 t - 2 meat rations


   Skills:
 + Level 5.4 Fighting
 * Level 5.3 Long Blades
 + Level 4.6 Armour
 + Level 3.9 Dodging
 + Level 4.8 Shields


You had 7 spell levels left.
You didn't know any spells.

Dungeon Overview and Level Annotations

Branches:
Dungeon (6/15)
 Temple: D:4-7

Altars:
Vehumet

Annotations:
D:5 exclusion: 2 doors


Innate Abilities, Weirdness & Mutations

You have large cloven feet.
You are partially covered in icy blue scales. (AC +2)
Your flesh is heat resistant. (rF+)
You regenerate a little health from kills.


Message History

Your wand of digging (?/24) {zapped: 2} glows for a moment.
Okay, then.
You feel very mighty all of a sudden.
The electric eel shoots out a bolt of lightning at you!
The bolt of electricity hits you!
* * * LOW HITPOINT WARNING * * *
Your +1 dagger of venom stops dripping with poison.
a - a +3 long sword (weapon)
Your shield and ring mail prevent you from hitting the electric eel.
Your kick misses the electric eel. You slash the electric eel!
The electric eel is almost dead.
The electric eel shoots out a bolt of lightning at you!
The bolt of electricity hits you!
* * * LOW HITPOINT WARNING * * *
You closely miss the electric eel. Your kick misses the electric eel.
The electric eel is almost dead.
The electric eel shoots out a bolt of lightning at you!
The bolt of electricity hits you!
You die...

.... #..## #..
#...# .# ...
#...###.##♣♣
#.##...≈P≈P≈≈PP
#.#...≈≈≈≈≈≈P≈
##)....≈≈≈≈≈P≈
##.#....≈≈≈PP≈≈
#.#.##...P≈P≈P≈≈≈
#....<...@.≈P≈≈≈≈
#.#.##....;≈≈≈≈≈≈
#.#<##....≈≈≈P≈≈≈
# #.......P≈≈P≈≈≈
##.....≈≈P≈PP≈P
...#...≈≈PP≈≈≈≈
###........###♣♣
##.......#


You could see an electric eel.

Vanquished Creatures
  A hippogriff (D:5)
  Sigmund (D:4)
  A sky beast (D:5)
  An eye of draining (D:4)
  A centaur (D:4)
  Blork the orc (D:4)
  A bullfrog (D:6)
  A wyvern skeleton (D:6)
  A jelly (D:5)
  2 howler monkeys
  3 orc priests
  Natasha (thrice) (D:4)
  An iguana (D:5)
  3 orc wizards
  2 worker ants (D:4)
  A statue (D:4)
  9 adders
  A shadow imp (D:5)
  An ooze (D:1)
  4 worms
  2 dart slugs
  3 leopard geckos (D:3)
  10 orcs
  5 ball pythons
  4 giant cockroaches
  4 goblins
  8 hobgoblins
  12 jackals
  5 quokkas
  A ball python skeleton (D:5)
  7 bats
  2 frilled lizards
  7 kobolds
  9 rats
118 creatures vanquished.

Notes
Turn   | Place    | Note
-------+----------+-------------------------------------------
     0 | D:1      | Alarkh the Demonspawn Fighter began the quest for the Orb.
     0 | D:1      | Reached XP level 1. HP: 18/18 MP: 1/1
   122 | D:1      | Gained mutation: You regenerate a little health from kills. [demonic ancestry]
   122 | D:1      | Reached XP level 2. HP: 23/24 MP: 2/2
   516 | D:2      | Reached skill level 1 in Dodging
   570 | D:2      | Gained mutation: You have large cloven feet. [demonic ancestry]
   570 | D:2      | Reached XP level 3. HP: 13/29 MP: 3/3
   818 | D:2      | Reached XP level 4. HP: 15/35 MP: 4/4
  1533 | D:3      | Gained mutation: You are partially covered in icy blue scales. (AC +2) [demonic ancestry]
  1533 | D:3      | Reached XP level 5. HP: 30/41 MP: 5/5
  2199 | D:3      | HP: 2/41 [poisoned by an adder]
  2892 | D:4      | Noticed Natasha
  2906 | D:4      | Killed Natasha
  3022 | D:4      | Found a radiant altar of Vehumet.
  3022 | D:4      | Noticed a frost-covered statue
  3278 | D:4      | Killed a frost-covered statue
  3278 | D:4      | Gained mutation: Your flesh is heat resistant. (rF+) [demonic ancestry]
  3278 | D:4      | Reached XP level 6. HP: 41/48 MP: 6/6
  3341 | D:4      | Noticed Sigmund
  3384 | D:4      | Noticed Natasha
  3476 | D:4      | Noticed Blork the orc
  4389 | D:4      | Killed Blork the orc
  4650 | D:4      | Killed Natasha
  4720 | D:4      | Reached XP level 7. HP: 55/55 MP: 0/7
  4850 | D:4      | Killed Sigmund
  4975 | D:4      | Noticed Natasha
  4989 | D:4      | Killed Natasha
  5314 | D:5      | Entered Level 5 of the Dungeon
  6273 | D:5      | Noticed a hippogriff
  6448 | D:5      | Reached skill level 5 in Fighting
  6448 | D:5      | Reached XP level 8. HP: 62/62 MP: 8/8
  6808 | D:5      | Killed a hippogriff
  6808 | D:5      | Reached skill level 5 in Long Blades
  7317 | D:6      | HP: 2/63 [electric eel/bolt of electricity (7)]
  7318 | D:6      | Killed from afar by an electric eel

Vault maps used:
D:1:      ncdulo_wetmaze, serial_park_tiny_1, st_stairs_5
D:2:      minmay_pentomino_v2
D:4:      vehumet_statue, uniq_sigmund, uniq_blork_the_orc, uniq_natasha
D:5:      kennysheep_big_flooded_room, first_bread
D:6:      nicolae_overflow_crystal_walls, serial_bayou, serial_bayou_lagoon_a,
          serial_bayou_ford_a, serial_bayou_shore_a, serial_bayou_pond_a,
          serial_shops, nicolae_shop_behind_doors, uniq_pikel

Skill      XL: |  1  2  3  4  5  6  7  8 |
---------------+-------------------------+-----
Long Blades    | 2 3 4 5 |  5.3
Dodging        | 1 2 3 |  3.9
Armour         | 3 4 |  4.6
Shields        | 3 4 |  4.8
Fighting       | 4 5 |  5.4

Action                   |  1- 3 |  4- 6 |  7- 9 || total
-------------------------+-------+-------+-------++-------
Melee: Long sword        |   104 |   332 |   144 ||   580
       Kick              |    14 |   101 |    48 ||   163
       Dagger            |       |       |    10 ||    10
  Use: Scroll            |     2 |     6 |     5 ||    13
       Potion            |     1 |     5 |     3 ||     9
  Eat: Chunk             |       |    12 |     7 ||    19
       Fruit             |       |       |     3 ||     3
Armor: Scale mail        |    20 |       |       ||    20
       Ring mail         |    34 |   117 |    69 ||   220
Dodge: Dodged            |    56 |   144 |    71 ||   271
Block: Shield            |    55 |   184 |    78 ||   317
       Rpst.: Long sword |    18 |    39 |    19 ||    76
